 Dungeon Crawl Stone Soup version 0.29-a0-1027-gcd8c55af63 (webtiles) character file.

Game seed: 1449249132701470121

77024 frimble the Martial Artist (level 15, -4/119 HPs)
             Began as a Demonspawn Earth Elementalist on Aug 13, 2022.
             Was a High Priest of Cheibriados.
             Slain by an orc warrior
             ... wielding a +1 long sword of holy wrath
             ... led by an orc knight
              (14 damage)
             ... while paralysed by an orc sorcerer
             ... on level 1 of the Orcish Mines.
             The game lasted 00:27:34 (24580 turns).

frimble the Martial Artist (DsEE)                  Turns: 24580, Time: 00:27:35

Health: -4/119     AC: 20    Str: 29    XL:     15   Next: 14%
Magic:  23/23      EV:  2    Int: 30    God:    Cheibriados [*****.]
Gold:   1731       SH:  0    Dex: 29    Spells: 15/18 levels left

rFire   . . .      SeeInvis .     - Unarmed
rCold   . . .      Faith    .   (no shield)
rNeg    . . .      Spirit   .   H - +4 troll leather armour
rPois   .          Reflect  .   K - +2 hat
rElec   .          Harm     .   N - +2 cloak
rCorr   .          Rampage  .   (gloves unavailable)
Will    +....                   y - +0 pair of boots
Stlth   ++++......              B - amulet of the acrobat
HPRegen 1.09/turn               U - +4 ring of evasion
MPRegen 0.18/turn               u - +6 ring of strength

@: paralysed, lethally poisoned (-4 -> -19), marked, studying Earth Magic, very
slow
A: rugged brown scales 2, icemail 1, spiny 2, condensation shield, demonic touch
3, sense surroundings 1
a: Renounce Religion, Bend Time, Temporal Distortion, Slouch, Step From Time


You were on level 1 of the Orcish Mines.
You worshipped Cheibriados.
Cheibriados was extremely pleased with you.
You visited 4 branches of the dungeon, and saw 22 of its levels.
You also visited: Sewer.

You collected 1893 gold pieces.
You spent 162 gold pieces at shops.

Inventory:

Hand Weapons
 f - a +1 short sword
Missiles
 t - 10 javelins
 M - 5 silver javelins
 O - 4 throwing nets
Armour
 y - a +0 pair of boots (worn)
 C - a +0 kite shield
 H - a +4 troll leather armour (worn)
 K - a +2 hat (worn)
 N - a +2 cloak (worn)
Jewellery
 e - a ring of protection from fire
 g - a ring of resist corrosion
 h - a ring of protection from fire
 u - a +6 ring of strength (right hand)
 A - an amulet of magic regeneration
 B - an amulet of the acrobat (around neck)
 T - a +6 ring of strength
 U - a +4 ring of evasion (left hand)
 W - the ring of Dishonesty {rElec Will- MP+9 SInv}
   (You took it off a meliai on level 14 of the Dungeon)

   [ring of magical power]

   rElec:     It insulates you from electricity.
   MP:        It affects your magic capacity (+9).
   SInv:      It lets you see invisible.
   Will:      It decreases your willpower.
 Y - a ring of protection from cold
Wands
 d - a wand of flame (12)
 n - a wand of quicksilver (20)
 x - a wand of polymorph (3)
 E - a wand of paralysis (10)
 R - a wand of iceblast (14)
Scrolls
 i - 9 scrolls of identify
 j - 4 scrolls of vulnerability
 k - a scroll of magic mapping
 m - 4 scrolls of blinking
 p - 2 scrolls of enchant weapon
 q - 9 scrolls of teleportation
 F - 2 scrolls of brand weapon
 L - 4 scrolls of enchant armour
 S - 2 scrolls of fog
Potions
 a - 4 potions of might
 b - 2 potions of magic
 c - 6 potions of brilliance
 l - 6 potions of mutation
 o - 5 potions of degeneration
 r - 5 potions of haste
 s - 4 potions of lignification
 v - 3 potions of flight
 w - 4 potions of heal wounds
 z - 2 potions of attraction
 D - 2 potions of invisibility
 G - 3 potions of cancellation
 J - 3 potions of resistance
 P - 4 potions of curing
 Q - a potion of ambrosia
Miscellaneous
 I - a box of beasts (inert)


   Skills:
 + Level 9.5 Fighting
 - Level 11.5 Dodging
 + Level 6.5 Stealth
 - Level 14.0 Unarmed Combat
 - Level 2.1 Spellcasting
 - Level 4.0 Transmutations
 + Level 13.6 Earth Magic
 - Level 11.0 Invocations
 - Level 6.2 Evocations


You had 15 spell levels left.
You knew the following spells:

 Your Spells              Type           Power      Damage    Failure   Level
a - Sandblast             Erth           100%       2d20      1%          1
b - Passwall              Tmut/Erth      45%        N/A       1%          2

Your spell library contained the following spells:

 Spells                   Type           Power      Damage    Failure   Level
 Stone Arrow              Conj/Erth      88%        3d12      1%          3
 Wereblood                Tmut           27%        N/A       2%          2
 Petrify                  Tmut/Erth      54%        N/A       2%          4
 Magic Dart               Conj           12%        1d3       9%          1
 Shock                    Conj/Air       12%        1d3       9%          1
 Slow                     Hex            12%        N/A       9%          1
 Searing Ray              Conj           6%         2d4       13%         2
 Static Discharge         Conj/Air       3%         3-4/arc   13%         2
 Sublimation of Blood     Necr           3%         N/A       13%         2
 Confusing Touch          Hex            3%         N/A       26%         3
 Dazzling Flash           Conj/Hex       6%         N/A       26%         3
 Gell's Gravitas          Tloc           3%         N/A       26%         3
 Lesser Beckoning         Tloc           3%         N/A       26%         3
 Swiftness                Air            3%         N/A       26%         3
 Teleport Other           Tloc           3%         N/A       26%         3
 Tukima's Dance           Hex            3%         N/A       26%         3
 Vampiric Draining        Necr           3%         2d6       26%         3
 Airstrike                Air            1%         2d(1-17)  65%         4
 Dispel Undead            Necr           3%         3d7       65%         4
 Fulminant Prism          Conj/Hex       1%         3d6       65%         4
 Iskenderun's Mystic Bla  Conj/Tloc      3%         2d3       65%         4
 Passage of Golubria      Tloc           3%         N/A       65%         4
 Sticky Flame             Conj/Fire      3%         2d3       65%         4
 Yara's Violent Unravell  Hex/Tmut       7%         3d5       71%         5
 Lightning Bolt           Conj/Air       1%         1d12      94%         5
 Starburst                Conj/Fire      1%         6d3       100%        6
 Summon Hydra             Summ           1%         N/A       100%        7
 Maxwell's Capacitive Co  Air            1%         ∞         100%        8


Dungeon Overview and Level Annotations

Branches:
Dungeon (15/15)            Temple (1/1) D:4            Lair (5/5) D:10
  Swamp (0/4) Lair:2        Snake (0/4) Lair:2        Slime (0/5) Lair:4
    Orc (1/2) D:9          Vaults (0/5) D:13         Depths (0/4) D:15
  Sewer (visited)

Altars:
Cheibriados
Dithmenos
Fedhas
Gozag
Hepliaklqana
Kikubaaqudgha
Makhleb
Nemelex Xobeh
Okawaru
Trog
Uskayaw
Vehumet
Yredelemnul

Shops:
D:5 *   D:6 ?[   D:7 ?

Annotations:
D:2 Natasha, Terence
D:5 1 runed translucent door, Crazy Yiuf
D:6 3 runed translucent doors, 1 exclusion, osoart's ghost, novice TrMo


Innate Abilities, Weirdness & Mutations

You are mostly covered in rugged brown scales. (AC +2, +5% HP)
A meltable icy envelope protects you from harm. (AC +4)
You are mostly covered in sharp spines.
A meltable shield of frost defends you. (SH +4)
Your touch may irresistibly damage your foes and sap their willpower.
You passively map a small area around you.


Message History

You feel very sick.
An orc priest comes into view. It is wielding a +0 short sword.
The orc warrior completely misses you.
The orc sorcerer mumbles some strange words.
The troll is struck by your spines. The troll bites you but does no damage.
The troll closely misses you. The troll completely misses you.
The orc warrior misses you. The orc knight completely misses you.
The orange demon misses you.
You closely miss the orc warrior. Your punch misses the orc warrior.
The orc warrior is almost dead.
You feel sick.
You completely miss the orc warrior.
You touch the orc warrior.
You kill the orc warrior!
Cheibriados appreciates the change of pace.
You feel sick.
The orc warrior hits you with a +1 long sword of holy wrath!
You convulse!
The orc sorcerer gestures at you while chanting.
You suddenly lose the ability to move!
The troll is struck by your spines. The troll bites you.
The troll claws you but does no damage. x2
The soul eater draws from the surrounding life force!
The orange demon stings you from afar.
You are more poisoned.
The orange demon poisons you!
You feel extremely sick.
An orc wizard comes into view. It is wielding a +0 dagger.
The orc warrior hits you with a +1 long sword of holy wrath!
You convulse!
An orc priest comes into view. It is wielding a +0 club.
The orc sorcerer is struck by your spines.
The orc sorcerer hits you but does no damage.
The orc knight hits you but does no damage.
The troll bites you but does no damage.
The troll claws you but does no damage. x2
The orange demon stings you but does no damage.
You feel very sick.
The orc priest looks satisfied for a moment.
The orc warrior hits you with a +1 long sword of holy wrath!!
* * * LOW HITPOINT WARNING * * *
You convulse!
You die...

, ##.#..........o
* ,
#...........o..$
* #..........o..o
#.#.........$.
##.............
##............$.
,
#.$.).oo3.......,
#...).)@T4......
#.......o4......
##.............h
###.##....##.$# ,
##*###### ##


You could see an orc knight, a soul eater (summoned), an orange demon
(summoned), a rust devil (summoned), a troll, an orc sorcerer (strong), an orc
warrior (strong), 2 orc priests and an orc wizard.

Vanquished Creatures
  An ettin (D:15)
  2 rakshasas
  The ghost of snetch the Cleaver, a journeyman MiBe of Trog (D:11)
  2 boulder beetles
  9 hydras
  A catoblepas (D:13)
  6 centaur warriors
  2 two-headed ogres
  A satyr (shapeshifter) (D:11)
  3 sixfirhies (D:12)
  A skeletal warrior (D:13)
  2 deep trolls (D:15)
  3 wizards
  A swamp dragon (Lair:2)
  Pikel (D:5)
  A deep elf zephyrmancer (D:12)
  2 orc knights
  4 deep elf pyromancers
  6 ugly things
  6 cyclopes
  3 manticores
  An elephant (Lair:5)
  8 black mambas
  A torpor snail (Lair:5)
  8 cane toads
  A rime drake (Lair:2)
  A cane toad (shapeshifter) (D:14)
  2 gargoyles
  2 efreet
  A tengu conjurer (D:13)
  5 kobold demonologists
  6 komodo dragons
  A meliai (D:14)
  8 trolls
  Grinder (D:5)
  7 hornets
  3 polar bears (Lair:5)
  2 blink frogs (shapeshifter) (D:14)
  10 blink frogs
  3 slime creatures
  5 dream sheep (Lair:5)
  3 raiju (D:12)
  3 shadows
  2 centaur simulacra
  15 spriggans (Lair:5)
  15 humans (D:13)
  2 wraiths
  8 wyverns
  47 yaks
  A fire elemental (Lair:2)
  3 steam dragons
  3 basilisks
  Eustachio (D:6)
  12 vampire mosquitoes
  A warg (Orc:1)
  3 acid dragons
  17 water moccasins
  8 orc warriors
  2 ice beasts (D:6)
  4 black bears
  2 ogres
  2 centaurs (D:6)
  3 boggarts (Lair:5)
  32 wolves
  2 phantoms
  5 kobold brigands
  12 bullfrogs
  A gnoll sergeant (D:8)
  2 necrophages
  A water moccasin zombie (D:6)
  5 scorpions
  A wight (D:6)
  6 killer bees (D:7)
  An electric eel (Lair:1)
  3 howler monkeys (D:8)
  4 hounds
  A human zombie (D:6)
  9 orc priests
  A gnoll bouda (D:9)
  6 jellies
  3 iguanas
  22 orc wizards
  A mummy (D:6)
  5 adders
  12 gnolls
  2 river rats (Sewer)
  A shadow imp (D:7)
  A white imp (D:6)
  3 ufetubi
  6 worms
  A dart slug (D:1)
  56 orcs
  A bat (D:1)
  8 endoplasms
  6 giant cockroaches
  7 goblins
  6 hobgoblins
  4 jackals (D:1)
  26 kobolds
  2 quokkas
  16 ball pythons
  6 rats
578 creatures vanquished.

Vanquished Creatures (collateral kills)
  Rupert (D:13)
  A minotaur (Lair:2)
  A boulder beetle (D:12)
  A deep elf pyromancer (D:13)
  A slime creature (D:12)
5 creatures vanquished.

Vanquished Creatures (others)
  A human (D:13)
  A bush (D:10)
  19 fungi
  36 plants
57 creatures vanquished.

Grand Total: 640 creatures vanquished

Notes
Turn   | Place    | Note
-------+----------+-------------------------------------------
     0 | D:1      | frimble the Demonspawn Earth Elementalist began the quest
                  | for the Orb.
     0 | D:1      | Reached XP level 1. HP: 13/13 MP: 3/3
   294 | D:1      | Reached skill level 1 in Transmutations
   330 | D:1      | Found a faded altar of an unknown god.
   522 | D:1      | Gained mutation: You are partially covered in rugged brown
                  | scales. (AC +1, +3% HP) [demonic ancestry]
   522 | D:1      | Reached XP level 2. HP: 13/19 MP: 3/5
  1457 | D:1      | Gained mutation: Your touch may inflict minor irresistible
                  | damage on your foes. [demonic ancestry]
  1457 | D:1      | Reached XP level 3. HP: 23/24 MP: 6/6
  1831 | D:2      | Noticed Terence
  2328 | D:3      | Reached skill level 1 in Fighting
  2475 | D:3      | Gained mutation: A meltable shield of frost defends you.
                  | (SH +4) [demonic ancestry]
  2475 | D:3      | Reached XP level 4. HP: 27/32 MP: 2/7
  2476 | D:3      | Reached skill level 1 in Unarmed Combat
  3618 | D:2      | Noticed Natasha
  3730 | D:4      | Gained mutation: Your touch may inflict irresistible damage
                  | on your foes. [demonic ancestry]
  3730 | D:4      | Reached XP level 5. HP: 31/38 MP: 6/8
  4064 | D:4      | Reached skill level 2 in Unarmed Combat
  4351 | D:4      | Found a staircase to the Ecumenical Temple.
  4561 | D:4      | Gained mutation: Your touch may irresistibly damage your
                  | foes and sap their willpower. [demonic ancestry]
  4561 | D:4      | Reached XP level 6. HP: 33/44 MP: 5/9
  5509 | D:5      | Entered Level 5 of the Dungeon
  5518 | D:5      | Noticed Pikel
  5539 | D:5      | Killed Pikel
  5540 | D:5      | Reached skill level 4 in Unarmed Combat
  5540 | D:5      | Reached skill level 5 in Earth Magic
  5540 | D:5      | Reached XP level 7. HP: 14/49 MP: 10/10
  5852 | D:5      | Found a glowing drain.
  5870 | Sewer    | Entered a sewer
  6490 | Sewer    | Reached skill level 5 in Unarmed Combat
  6585 | Sewer    | Gained mutation: You passively map a small area around you.
                  | [potion of mutation]
  6643 | D:5      | Gained mutation: You are mostly covered in rugged brown
                  | scales. (AC +2, +5% HP) [demonic ancestry]
  6643 | D:5      | Reached XP level 8. HP: 23/56 MP: 7/11
  6950 | D:5      | Found Igox's Assorted Antiques.
  7032 | D:5      | Reached skill level 6 in Unarmed Combat
  7032 | D:5      | Found a faded altar of an unknown god.
  7032 | D:5      | Found a shadowy altar of Dithmenos.
  7112 | D:5      | Found a faded altar of an unknown god.
  7114 | D:5      | Found an iron altar of Okawaru.
  7116 | D:5      | Found a sparkling altar of Nemelex Xobeh.
  7248 | D:5      | Found a runed translucent door.
  7249 | D:5      | Noticed Crazy Yiuf
  7389 | D:5      | Noticed Grinder
  7394 | D:5      | Paralysed by Grinder for 3 turns
  7411 | D:5      | Killed Grinder
  7412 | D:5      | Reached skill level 7 in Unarmed Combat
  7592 | D:6      | Noticed osoart's ghost (novice TrMo)
  7592 | D:6      | Found a runed translucent gate.
  7592 | D:6      | Found a runed translucent gate.
  7592 | D:6      | Found a runed translucent gate.
  7739 | D:6      | Reached skill level 8 in Unarmed Combat
  7760 | D:6      | Reached XP level 9. HP: 21/61 MP: 12/12
  7790 | Temple   | Entered the Ecumenical Temple
  7993 | Temple   | Became a worshipper of Cheibriados the Contemplative
  8124 | D:6      | Reached skill level 1 in Evocations
  8274 | D:6      | Found Vucliete's Magic Scroll Shop.
  8301 | D:6      | Bought a scroll of blinking for 90 gold pieces
  8327 | D:6      | Reached skill level 9 in Unarmed Combat
  8448 | D:6      | Found an ancient bone altar of Kikubaaqudgha.
  8618 | D:6      | Found a hazy altar of Hepliaklqana.
  8932 | D:6      | Found Yrexyiru's Armour Emporium.
  8932 | D:6      | Noticed Eustachio
  8944 | D:6      | Killed Eustachio
  9023 | D:6      | Reached * piety under Cheibriados
  9692 | D:7      | Reached skill level 10 in Unarmed Combat
  9692 | D:7      | Reached skill level 5 in Evocations
  9988 | D:7      | Found Xiholoq's Magic Scroll Boutique.
  9998 | D:7      | Bought a scroll of teleportation for 36 gold pieces
  9998 | D:7      | Bought a scroll of teleportation for 36 gold pieces
 10271 | D:7      | Learned a level 2 spell: Passwall
 10366 | D:8      | Reached ** piety under Cheibriados
 10627 | D:8      | Reached XP level 10. HP: 48/68 MP: 13/13
 11130 | D:8      | Found a bloodstained altar of Trog.
 11434 | D:9      | Found a burning altar of Makhleb.
 11434 | D:9      | Noticed a two-headed ogre
 11455 | D:9      | Killed a two-headed ogre
 11461 | D:9      | Reached *** piety under Cheibriados
 11508 | D:9      | Noticed a gargoyle
 11518 | D:9      | Killed a gargoyle
 11519 | D:9      | Reached skill level 5 in Fighting
 11905 | D:9      | Noticed an angel
 11905 | D:9      | Noticed a cacodemon
 12123 | D:9      | Found a staircase to the Orcish Mines.
 12152 | D:9      | Reached **** piety under Cheibriados
 12153 | D:9      | Reached XP level 11. HP: 9/91 MP: 14/14
 12591 | D:10     | Entered Level 10 of the Dungeon
 13239 | D:10     | Found a staircase to the Lair.
 13256 | D:10     | Reached ***** piety under Cheibriados
 13867 | D:10     | Reached skill level 11 in Unarmed Combat
 13873 | D:10     | Reached skill level 5 in Dodging
 14362 | D:11     | Noticed a deep elf pyromancer
 14366 | D:11     | Killed a deep elf pyromancer
 14376 | D:11     | Noticed a purple ugly thing
 14383 | D:11     | Killed a purple ugly thing
 14673 | D:11     | Found a runed translucent gate.
 14673 | D:11     | Found a runed translucent gate.
 14673 | D:11     | Found a runed translucent gate.
 14673 | D:11     | Found an opulent altar of Gozag.
 14675 | D:11     | Noticed snetch's ghost (journeyman MiBe)
 15921 | D:11     | Noticed a death drake
 15949 | D:12     | Noticed a soul eater
 15954 | D:12     | Noticed a sun demon
 15957 | D:12     | Noticed a sixfirhy
 15957 | D:12     | Noticed a soul eater
 15961 | D:12     | Noticed a soul eater
 16176 | D:11     | Noticed an anaconda
 16219 | D:12     | Reached skill level 5 in Invocations
 16439 | D:12     | Gained mutation: You are partially covered in sharp spines.
                  | [demonic ancestry]
 16439 | D:12     | Reached XP level 12. HP: 98/98 MP: 16/16
 16582 | D:12     | Noticed a boulder beetle
 16616 | D:12     | Killed a boulder beetle
 16801 | D:12     | Reached skill level 10 in Invocations
 17082 | Lair:1   | Entered Level 1 of the Lair of Beasts
 17319 | Lair:1   | Reached skill level 10 in Dodging
 17632 | Lair:1   | You fall into a shaft and drop 1 floor!
 18083 | Lair:2   | Noticed a seven-headed hydra
 18084 | Lair:2   | Identified a scroll of acquirement
 18084 | Lair:2   | Acquired a manual of Earth Magic
 18097 | Lair:2   | Killed a seven-headed hydra
 18098 | Lair:2   | Gained mutation: You are mostly covered in sharp spines.
                  | [demonic ancestry]
 18098 | Lair:2   | Reached XP level 13. HP: 58/103 MP: 21/21
 18309 | Lair:2   | Found a staircase to the Swamp.
 18323 | Lair:2   | Reached skill level 12 in Unarmed Combat
 18408 | Lair:2   | Found a runed translucent door.
 18456 | Lair:2   | Found a staircase to the Snake Pit.
 19005 | Lair:2   | Noticed a minotaur
 19012 | Lair:2   | Killed a minotaur
 20102 | Lair:4   | Reached ****** piety under Cheibriados
 20272 | Lair:4   | Found a staircase to the Slime Pits.
 20783 | Lair:5   | Entered Level 5 of the Lair of Beasts
 21120 | Lair:5   | Paralysed by a hornet for 2 turns
 21134 | Lair:5   | Reached skill level 13 in Unarmed Combat
 21213 | Lair:5   | Reached skill level 10 in Earth Magic
 21470 | Lair:5   | Gained mutation: A meltable icy envelope protects you from
                  | harm. (AC +4) [demonic ancestry]
 21470 | Lair:5   | Reached XP level 14. HP: 111/111 MP: 22/22
 22246 | D:11     | Killed snetch's ghost
 22329 | D:13     | Noticed Rupert
 22329 | D:13     | Found a gate to the Vaults.
 22337 | D:13     | HP: 4/111 [orc knight/+2 glaive of distortion (4)]
 22506 | D:13     | Killed Rupert
 23117 | D:14     | Identified the ring of Dishonesty {rElec Will- MP+9 SInv}
 23120 | D:14     | Reached skill level 14 in Unarmed Combat
 23431 | D:14     | Reached skill level 5 in Stealth
 23736 | D:15     | Entered Level 15 of the Dungeon
 23867 | D:15     | Reached XP level 15. HP: 32/118 MP: 14/23
 23959 | D:15     | Found a staircase to the Depths.
 24551 | Orc:1    | Entered Level 1 of the Orcish Mines
 24578 | Orc:1    | Paralysed by an orc sorcerer for 5 turns
 24580 | Orc:1    | Slain by an orc warrior

Illustrated notes

Levels and vault maps discovered:
D:1:      elethiomel_arrival_fortress_basement, layout_rooms,
          hellmonk_ecumenical_altar_crossroads
D:2:      layout_basic, uniq_natasha, uniq_terence
D:3:      layout_basic
D:4:      layout_loops_corners, temple_green, serial_bayou_pond_d,
          kennysheep_pointless_box
D:5:      layout_rooms, chequers_temple_overflow_minitemple,
          cheibrodos_sewer_entry_sluice, serial_shops, shop, kennysheep_boxes,
          uniq_grinder, uniq_pikel, uniq_crazy_yiuf_cottage
D:6:      layout_rooms, jmf_multi_god_temple,
          lemuel_mausoleum_altar_kikubaaqudgha, serial_shops, shop,
          nicolae_lakefront_shop, ebering_ghost_rock_garden, uniq_eustachio
D:7:      layout_basic, serial_curves, eino_curves_02, eino_curves_03,
          eino_curves_04, eino_curves_02, serial_shops, nicolae_shop_waterfront
D:8:      minmay_flawed_box, layout_basic, trog_book
D:9:      layout_rooms, grunt_temple_overflow_order_and_chaos_2,
          minmay_orc_entry_temple_large, nicolae_concentric_dashed_squares_wild
D:10:     layout_basic, minmay_lair_entry_grove, minmay_misc_feat_square
D:11:     minmay_cornered_nines, layout_gridville, ebering_ghost_gozag
D:12:     minmay_shoctagon, layout_basic
D:13:     minmay_curly_fans, layout_cave_pools, david_vaults_3
D:14:     nzn_winding_woodlands_small [nzn_winding_woodlands_5x15_concentric,
          nzn_winding_woodlands_center_triple_pond,
          nzn_winding_woodlands_5x15_twine], layout_rooms
D:15:     hangedman_depths_entry_civil_slaughter, layout_small_grid,
          kennysheep_crisscross
Temple:   nicolae_temple_god_jail
Lair:1:   layout_cave_pods, evilmike_ambush [evilmike_ambush_outer_corners,
          evilmike_ambush_inner_wall_1], grunt_megastairs_1,
          infiniplex_staircase_pool, serial_bayou_shore_b
Lair:2:   dreamdust_labyrinth, layout_gridlike, minmay_swamp_entry_reptiles,
          minmay_snake_entry_six_corridors, amcnicky_mini_pool_medium
Lair:3:   layout_gridlike
Lair:4:   layout_regular_city, minmay_slime_entry_pillars
Lair:5:   minmay_lair_end_enchanted_forest, layout_cave_pods
Orc:1:    layout_caves, led_sif_book

Skill      XL: |  1  2  3  4  5  6  7  8  9 10 11 12 13 14 |
---------------+-------------------------------------------+-----
Transmutations | 1 2 3 4 |  4.0
Stealth        | 2 6 |  6.5
Dodging        | 2 7 10 11 | 11.5
Earth Magic    | 3 4 5 10 13 | 13.6
Fighting       | 1 8 9 |  9.5
Unarmed Combat | 1 2 4 5 8 10 11 13 14 | 14.0
Evocations     | 5 6 |  6.2
Invocations    | 6 11 | 11.0
Spellcasting   | |  2.1

Action                   |  1- 3 |  4- 6 |  7- 9 | 10-12 | 13-15 || total
-------------------------+-------+-------+-------+-------+-------++-------
Melee: Unarmed           |    40 |    35 |   356 |   473 |   551 ||  1455
       Short sword       |    14 |    83 |       |       |       ||    97
       Punch             |     1 |     2 |    17 |    36 |    68 ||   124
       Touch             |     2 |    21 |    56 |   107 |   122 ||   308
 Cast: Sandblast         |    57 |    35 |    10 |       |     1 ||   103
Invok: Slouch            |       |       |       |     5 |     8 ||    13
       Step From Time    |       |       |       |       |     3 ||     3
Evoke: Wand              |       |     1 |     6 |     6 |     2 ||    15
       Box of beasts     |       |       |       |     1 |     3 ||     4
  Use: Scroll            |       |     8 |     6 |    16 |    13 ||    43
       Potion            |       |     1 |     4 |     1 |     4 ||    10
 Stab: Sleeping          |       |     3 |     7 |     4 |     8 ||    22
       Distracted        |       |       |     1 |       |     5 ||     6
       Paralysed         |       |       |       |       |     7 ||     7
Armor: Robe              |    23 |    17 |    48 |       |       ||    88
       Steam dragon scal |       |       |    72 |    98 |       ||   170
       Troll leather arm |       |       |       |    22 |   124 ||   146
Dodge: Dodged            |    93 |    90 |   196 |   384 |   620 ||  1383
Block: Other             |       |    23 |    53 |    81 |    85 ||   242

Table legend: (Time is in decaauts)
 A = Elapsed time spent in this place.
 B = Non-inter-level travel time spent in this place.
 C = Inter-level travel time spent in this place.
 D = Time resting spent in this place.
 E = Time spent auto-exploring this place.
 F = Levels seen in this place.
 G = Mean time per level.
                   A        B        C        D        E       F      G
               +--------+--------+--------+--------+--------+-----+--------+
         Total |  32549 |  30687 |   1862 |    245 |  26087 |  23 | 1415.2 |
       Dungeon |  22629 |  21336 |   1293 |    245 |  18006 |  15 | 1508.6 |
        Temple |    214 |    203 |     11 |      0 |    191 |   1 |  214.0 |
          Lair |   8863 |   8306 |    557 |      0 |   7273 |   5 | 1772.6 |
  Orcish Mines |     27 |     27 |      0 |      0 |      0 |   1 |   27.0 |
         Sewer |    815 |    815 |      0 |      0 |    616 |   1 |  815.0 |
               +--------+--------+--------+--------+--------+-----+--------+

Top non-repeatable levels by time:
    D:11: 2503 daAuts
    D:10: 2440 daAuts
  Lair:5: 2160 daAuts
  Lair:2: 2095 daAuts
     D:1: 1925 daAuts
     D:4: 1897 daAuts
     D:3: 1673 daAuts
     D:8: 1627 daAuts
  Lair:1: 1614 daAuts
  Lair:4: 1582 daAuts
     D:9: 1453 daAuts
     D:5: 1447 daAuts
     D:7: 1443 daAuts
  Lair:3: 1409 daAuts
     D:6: 1392 daAuts
